 Dungeon Crawl Stone Soup version 0.29-a0-1009-g60c99734e7 (webtiles) character file.

Game seed: 11468155789330916237

2095 leavemydog the Destroyer (level 9, -1/45 HPs)
             Began as a Deep Elf Conjurer on Aug 8, 2022.
             Was a Follower of Vehumet.
             Slain by an ice beast (14 damage)
             ... on level 6 of the Dungeon.
             The game lasted 00:11:19 (6552 turns).

leavemydog the Destroyer (Deep Elf Conjurer)        Turns: 6552, Time: 00:11:20

Health: -1/45      AC:  4    Str:  8    XL:     9   Next: 7%
Magic:  14/24      EV: 13    Int: 24    God:    Vehumet [*.....]
Gold:   130        SH:  0    Dex: 25    Spells: 16/27 levels left

rFire   . . .      SeeInvis .   t - +2 short sword (speed)
rCold   . . .      Faith    .   (no shield)
rNeg    . . .      Spirit   .   a - +0 robe
rPois   .          Reflect  .   s - +0 helmet
rElec   .          Harm     .   (no cloak)
rCorr   .          Rampage  .   G - +0 pair of gloves
Will    .....                   (no boots)
Stlth   +++.......              (no amulet)
HPRegen 0.15/turn               w - +6 ring of dexterity
MPRegen 0.19/turn               D - +6 ring of dexterity

@: no status effects
A: no striking features
a: Renounce Religion


You were on level 6 of the Dungeon.
You worshipped Vehumet.
Vehumet was aware of your devotion.
You visited 2 branches of the dungeon, and saw 7 of its levels.

You collected 251 gold pieces.
You spent 121 gold pieces at shops.

Inventory:

Hand Weapons
 t - a +2 short sword of speed (weapon)
Missiles
 r - 10 poisoned darts
Armour
 a - a +0 robe (worn)
 s - a +0 helmet (worn)
 G - a +0 pair of gloves (worn)
Jewellery
 k - a ring of fire
 w - a +6 ring of dexterity (left hand)
 D - a +6 ring of dexterity (right hand)
 E - a +4 ring of slaying
Wands
 h - a wand of polymorph (11)
 v - a wand of mindburst (19)
 A - a wand of roots (4)
Scrolls
 c - 5 scrolls of teleportation
 e - a scroll of fog
 g - a scroll of immolation {unknown}
 l - a scroll of enchant armour {unknown}
 m - 2 scrolls of poison
 o - 3 scrolls of enchant weapon
 p - a scroll of summoning {unknown}
 u - a scroll of vulnerability {unknown}
 y - a scroll of noise {unknown}
 B - a scroll of fear {unknown}
 C - 2 scrolls of brand weapon {unknown}
Potions
 b - a potion of magic
 d - a potion of curing
 f - a potion of ambrosia
 i - a potion of invisibility
 j - 3 potions of attraction
 n - a potion of cancellation {unknown}
 q - a potion of brilliance {unknown}
 x - 3 potions of flight {unknown}
 z - a potion of lignification {unknown}
 F - a potion of mutation {unknown}


   Skills:
 - Level 2.4 Dodging
 - Level 2.4 Stealth
 + Level 9.5 Spellcasting
 + Level 9.8 Conjurations
 + Level 5.0 Hexes
 + Level 4.0 Translocations


You had 16 spell levels left.
You knew the following spells:

 Your Spells              Type           Power      Damage    Failure   Level
a - Magic Dart            Conj           100%       1d8       1%          1
b - Searing Ray           Conj           100%       2d8       1%          2
c - Iskenderun's Mystic   Conj/Tloc      44%        2d10      3%          4
d - Fulminant Prism       Conj/Hex       23%        3d13      2%          4

Your spell library contained the following spells:

 Spells                   Type           Power      Damage    Failure   Level
 Sandblast                Erth           22%        2d7       5%          1
 Dazzling Flash           Conj/Hex       94%        N/A       1%          3
 Mephitic Cloud           Conj/Pois/Air  27%        N/A       4%          3
 Call Imp                 Summ           11%        N/A       9%          2


Dungeon Overview and Level Annotations

Branches:
Dungeon (6/15)             Temple (1/1) D:4

Altars:
Dithmenos
Elyvilon
Fedhas
Gozag
Hepliaklqana
Kikubaaqudgha
Makhleb
Nemelex Xobeh
Qazlal
Sif Muna
Trog
Uskayaw
Vehumet
Wu Jian
Xom
Yredelemnul

Shops:
D:4 *?([=

Annotations:
D:6 2 runed translucent doors


Message History

(Press . to maintain the ray.)
The searing ray hits the black bear!
The black bear is severely wounded.
An ice beast comes into view.
The black bear goes berserk!
The searing ray hits the black bear!
You kill the black bear!
Vehumet accepts your kill.
Casting: Searing Ray (safe; 1% risk of failure)
Confirm with . or Enter, or press ? or * to list all spells.
Restarting spell: Searing Ray (safe; 1% risk of failure)
Press: ? - help, Shift-Dir - straight line, f - ice beast
Aim: an ice beast (83% to hit)
The searing ray hits the ice beast.
The ice beast is lightly wounded. (Press . to maintain the ray.)
The ice beast hits you. The ice beast freezes you!
The searing ray hits the ice beast.
The ice beast is moderately wounded.
The ice beast hits you. The ice beast freezes you!
The searing ray hits the ice beast!
The ice beast is heavily wounded.
The ice beast hits you but does no damage.
The searing ray misses the ice beast.
You finish channelling your searing ray.
The ice beast barely misses you.
Casting: Searing Ray (safe; 1% risk of failure)
Confirm with . or Enter, or press ? or * to list all spells.
Aiming: Searing Ray (safe; 1% risk of failure)
Press: ? - help, Shift-Dir - straight line, f/p - ice beast
Aim: an ice beast (heavily wounded, 83% to hit)
The searing ray hits the ice beast.
The ice beast is severely wounded. (Press . to maintain the ray.)
The ice beast hits you. The ice beast freezes you!
* * * LOW HITPOINT WARNING * * *
You feel better. The ice beast hits you.
* * * LOW HITPOINT WARNING * * *
The ice beast freezes you!
You die...

....... #.##
.....#. #.#
.......#8...
##.#
.....#.#)..l
#..# .#/...
#..# #8... ##.#
. #8.. ##### #
#.#
...##++##.'.#.#
#)#
..........#@.#
#.#
..........#Y##
#.##
########..##.
##†.#
#...######...#
#............#
##..........##
############


You could see an ice beast.

Vanquished Creatures
  Pikel (D:5)
  Prince Ribbit (D:5)
  Sigmund (D:2)
  2 water moccasins
  An ice beast (D:6)
  3 black bears
  2 ogres
  A phantom (D:5)
  3 lemures
  A scorpion (D:4)
  2 hounds (D:5)
  A jelly (D:6)
  An orc priest (D:3)
  3 iguanas
  2 orc wizards (D:5)
  3 gnolls (D:2)
  8 adders
  4 ufetubi
  3 dart slugs
  7 orcs
  6 ball pythons
  4 bats (D:1)
  5 endoplasms
  6 giant cockroaches
  8 goblins
  5 hobgoblins
  2 quokkas
  3 frilled lizards
  5 kobolds
  3 rats
97 creatures vanquished.

Notes
Turn   | Place    | Note
-------+----------+-------------------------------------------
     0 | D:1      | leavemydog the Deep Elf Conjurer began the quest for the
                  | Orb.
     0 | D:1      | Reached XP level 1. HP: 10/10 MP: 6/6
   400 | D:1      | Reached XP level 2. HP: 15/15 MP: 6/8
   449 | D:1      | Learned a level 2 spell: Searing Ray
   691 | D:1      | Reached skill level 5 in Conjurations
  1131 | D:2      | Identified the +2 sling of Wyrd {freeze, rCorr}
  1240 | D:2      | Reached XP level 3. HP: 19/19 MP: 7/9
  1389 | D:2      | Noticed Sigmund
  1395 | D:2      | Killed Sigmund
  1396 | D:2      | Reached XP level 4. HP: 24/24 MP: 2/12
  1396 | D:2      | Reached XP level 5. HP: 28/28 MP: 2/13
  1492 | D:2      | Learned a level 4 spell: Iskenderun's Mystic Blast
  1497 | D:2      | Learned a level 4 spell: Fulminant Prism
  1795 | D:2      | Found a faded altar of an unknown god.
  2561 | D:3      | Reached skill level 1 in Hexes
  2561 | D:3      | Reached XP level 6. HP: 32/32 MP: 6/15
  2588 | D:3      | Reached skill level 1 in Translocations
  3042 | D:4      | Found a staircase to the Ecumenical Temple.
  3050 | Temple   | Entered the Ecumenical Temple
  3062 | Temple   | Became a worshipper of Vehumet
  3187 | D:4      | Found Buwkam's Assorted Antiques.
  3306 | D:4      | Found Xyjeytsu's Antique Armour Emporium.
  3306 | D:4      | Found Miqohew's Magic Scroll Emporium.
  3306 | D:4      | Found Haluot's Antique Weapon Emporium.
  3307 | D:4      | Found Eraoscho's Jewellery Emporium.
  3321 | D:4      | Bought a scroll of identify for 22 gold pieces
  3321 | D:4      | Bought 3 scrolls of identify for 66 gold pieces
  3321 | D:4      | Bought a scroll of teleportation for 33 gold pieces
  3612 | D:4      | Reached skill level 5 in Spellcasting
  3698 | D:4      | Found a stormy altar of Qazlal.
  3850 | D:4      | Found a burning altar of Makhleb.
  3965 | D:5      | Entered Level 5 of the Dungeon
  3965 | D:5      | Noticed Pikel
  4332 | D:5      | Reached XP level 7. HP: 34/36 MP: 10/17
  4492 | D:5      | Killed Pikel
  4493 | D:5      | Reached XP level 8. HP: 10/41 MP: 0/20
  4751 | D:5      | Identified the +5 ring mail of Lethargy {rF+}
  5442 | D:5      | Noticed Prince Ribbit
  5456 | D:5      | Killed Prince Ribbit
  6124 | D:6      | Reached skill level 5 in Hexes
  6495 | D:6      | Reached * piety under Vehumet
  6495 | D:6      | Offered knowledge of Sandblast by Vehumet.
  6496 | D:6      | Reached XP level 9. HP: 45/45 MP: 19/24
  6531 | D:6      | Found a large runed translucent door.
  6531 | D:6      | Found a large runed translucent door.
  6552 | D:6      | Slain by an ice beast

Illustrated notes

Levels and vault maps discovered:
D:1:      reono_arrival_forest_river, layout_loops_ring, minmay_cupped
D:2:      layout_loops_ring, dreamdust_ecumenical_altar_angels_and_demons,
          uniq_sigmund
D:3:      layout_rooms, chequers_serial_rivers_micro_a, kennysheep_potato
D:4:      layout_loops_ring, lightli_temple_of_fire,
          mainiacjoe_overflow_surrounded_room, minmay_temple_entry_grid,
          minmay_shop_grid_forest, nicolae_stop_n_shop_2
D:5:      layout_basic, st_stairs_9, minmay_checkerbox, uniq_pikel,
          uniq_prince_ribbit1
D:6:      layout_cave_pools, minitemple, minmay_hollow_rounded_squares
Temple:   compressed_dpeg_circular_temple

Skill      XL: |  1  2  3  4  5  6  7  8 |
---------------+-------------------------+-----
Conjurations   | 5 6 7 8 9 |  9.8
Spellcasting   | 4 5 7 9 |  9.5
Hexes          | 1 2 3 5 |  5.0
Translocations | 1 3 4 |  4.0
Dodging        | |  2.4
Stealth        | |  2.4

Action                   |  1- 3 |  4- 6 |  7- 9 || total
-------------------------+-------+-------+-------++-------
Melee: Unarmed           |     3 |       |       ||     3
 Cast: Magic Dart        |    44 |    79 |    56 ||   179
       Searing Ray       |     1 |    10 |    18 ||    29
       Iskenderun's Myst |       |       |     1 ||     1
  Use: Scroll            |       |     8 |       ||     8
       Potion            |       |       |     2 ||     2
Armor: Robe              |       |     2 |     3 ||     5
Dodge: Dodged            |     4 |    24 |    21 ||    49

Table legend: (Time is in decaauts)
 A = Elapsed time spent in this place.
 B = Non-inter-level travel time spent in this place.
 C = Inter-level travel time spent in this place.
 D = Time resting spent in this place.
 E = Time spent auto-exploring this place.
 F = Levels seen in this place.
 G = Mean time per level.
                   A        B        C        D        E       F      G
               +--------+--------+--------+--------+--------+-----+--------+
         Total |   6556 |   6397 |    159 |   2142 |   3688 |   7 |  936.6 |
       Dungeon |   6442 |   6297 |    145 |   2142 |   3608 |   6 | 1073.7 |
        Temple |    113 |     99 |     14 |      0 |     80 |   1 |  113.0 |
               +--------+--------+--------+--------+--------+-----+--------+

Top non-repeatable levels by time:
     D:5: 2142 daAuts
     D:1: 1033 daAuts
     D:4: 1028 daAuts
     D:2: 985 daAuts
     D:3: 906 daAuts
     D:6: 346 daAuts
  Temple: 113 daAuts
